[ AOE2 MATCH · #465375428 ]
Team RMArmenians vs Celts
[ REPLAY ANALYSIS · EXTRACTED FROM THE RECORDED GAME ]
Feudal
11:32
Castle
16:08
Imperial
35:06
| APM avg | 25.6 |
| APM peak | 68 |
| eAPM avg | 17.4 |
| Villagers / military | 135 / 624 |
Focus
⚔️ 59.1% · 🌾 40.9%
Composite Bowman ×260 · Spearman ×239 · Scout Cavalry ×65 · Battering Ram ×38 · Knight ×21 · Militia ×1
Feudal
11:23
Castle
22:04
Imperial
41:27
| APM avg | 24.8 |
| APM peak | 54 |
| eAPM avg | 15.7 |
| Villagers / military | 131 / 306 |
Focus
⚔️ 30.1% · 🌾 69.9%
Archer ×73 · Fire Lancer ×61 · Skirmisher ×55 · Spearman ×51 · Scout Cavalry ×35 · Trade Cart ×25
Feudal
11:33
Castle
24:52
Imperial
47:09
| APM avg | 31.1 |
| APM peak | 62 |
| eAPM avg | 16.8 |
| Villagers / military | 111 / 515 |
Focus
⚔️ 25.4% · 🌾 74.6%
Spearman ×161 · Scorpion ×160 · Knight ×68 · Militia ×66 · Woad Raider ×60 · Trade Cart ×15
Feudal
11:29
Castle
17:00
Imperial
54:57
| APM avg | 18.0 |
| APM peak | 37 |
| eAPM avg | 12.1 |
| Villagers / military | 94 / 294 |
Focus
⚔️ 47.9% · 🌾 52.1%
Skirmisher ×76 · Mangudai ×72 · Spearman ×71 · Scorpion ×49 · Trade Cart ×27 · Camel Scout ×10
Feudal
12:00
Castle
20:15
Imperial
45:13
| APM avg | 17.5 |
| APM peak | 36 |
| eAPM avg | 11.5 |
| Villagers / military | 129 / 473 |
Focus
⚔️ 36.5% · 🌾 63.5%
Scout Cavalry ×359 · Camel Scout ×108 · Trade Cart ×16 · Ghulam ×6
Feudal
10:05
Castle
22:04
Imperial
39:26
| APM avg | 32.1 |
| APM peak | 66 |
| eAPM avg | 14.3 |
| Villagers / military | 206 / 398 |
Focus
⚔️ 24.5% · 🌾 75.5%
Skirmisher ×213 · Knight ×164 · Trebuchet (Packed) ×12 · Archer ×7 · Trade Cart ×5 · Monk ×2
Feudal
12:12
Castle
21:42
Imperial
61:41
| APM avg | 39.5 |
| APM peak | 90 |
| eAPM avg | 26.3 |
| Villagers / military | 121 / 691 |
Focus
⚔️ 56.7% · 🌾 43.3%
Spearman ×338 · Skirmisher ×285 · Samurai ×45 · Trade Cart ×20 · Trebuchet (Packed) ×12 · Archer ×3
Feudal
10:19
Castle
21:51
Imperial
36:21
| APM avg | 32.4 |
| APM peak | 77 |
| eAPM avg | 16.8 |
| Villagers / military | 175 / 809 |
Focus
⚔️ 39.2% · 🌾 60.8%
Archer ×442 · Knight ×214 · Scout Cavalry ×135 · Trade Cart ×32 · Spearman ×12 · War Elephant ×4
Match map
Initial resources + every placement click. Lines = walls · curves = elevation contours. ◆ gold · ⬟ stone · ● berries · ✦ relic · ◌ wall gap
Inputs per minute
— Silly_Sausage - - thomas shelby
Build order — Silly_Sausage
First 150 of 980 actions detected
| 0:01 | Create | Villager (Male) |
| 0:01 | Create | Villager (Male) |
| 0:01 | Create | Villager (Male) |
| 0:02 | Create | Villager (Male) |
| 0:04 | Build | House |
| 0:06 | Build | House |
| 1:31 | Create | Villager (Male) |
| 1:56 | Build | Mule Cart |
| 2:04 | Create | Villager (Male) |
| 2:24 | Create | Villager (Male) |
| 2:55 | Create | Villager (Male) |
| 3:21 | Research | Loom |
| 3:24 | Build | House |
| 3:47 | Create | Villager (Male) |
| 3:47 | Create | Villager (Male) |
| 4:16 | Build | Mill |
| 4:21 | Create | Villager (Male) |
| 4:59 | Create | Villager (Male) |
| 4:59 | Create | Villager (Male) |
| 5:57 | Create | Villager (Male) |
| 5:57 | Create | Villager (Male) |
| 5:58 | Create | Villager (Male) |
| 5:58 | Create | Villager (Male) |
| 6:04 | Build | House |
| 6:33 | Create | Villager (Male) |
| 6:33 | Create | Villager (Male) |
| 6:33 | Create | Villager (Male) |
| 6:34 | Create | Villager (Male) |
| 6:51 | Build | Farm |
| 7:08 | Create | Villager (Male) |
| 7:16 | Build | Farm |
| 7:41 | Build | Farm |
| 8:25 | Create | Villager (Male) |
| 8:51 | Create | Villager (Male) |
| 8:54 | Build | Mule Cart |
| 9:09 | Build | Farm |
| 9:22 | Research | Feudal Age |
| 9:36 | Build | Barracks |
| 9:59 | Build | Palisade Wall |
| 10:04 | Build | Palisade Wall |
| 10:41 | Build | House |
| 11:32 | Age | Feudal Age |
| 11:34 | Create | Villager (Male) |
| 11:35 | Create | Villager (Male) |
| 11:39 | Build | Stable |
| 12:36 | Build | Blacksmith |
| 13:13 | Build | House |
| 13:17 | Build | Palisade Wall |
| 13:28 | Research | Castle Age |
| 13:45 | Build | Farm |
| 13:48 | Build | Farm |
| 13:58 | Build | Palisade Wall |
| 14:11 | Build | Palisade Wall |
| 14:29 | Research | Double-Bit Axe |
| 15:16 | Build | Stable |
| 16:08 | Age | Castle Age |
| 16:09 | Build | Farm |
| 16:13 | Create | Knight |
| 16:16 | Create | Knight |
| 16:24 | Build | Farm |
| 16:26 | Create | Villager (Male) |
| 16:37 | Create | Knight |
| 16:39 | Create | Knight |
| 16:55 | Build | Farm |
| 16:58 | Build | Farm |
| 16:59 | Create | Villager (Male) |
| 17:13 | Build | Farm |
| 17:21 | Create | Knight |
| 17:29 | Build | Farm |
| 17:43 | Create | Villager (Male) |
| 18:01 | Create | Villager (Male) |
| 18:10 | Build | House |
| 18:14 | Create | Villager (Male) |
| 18:32 | Create | Knight |
| 18:32 | Create | Knight |
| 18:46 | Build | House |
| 18:55 | Create | Villager (Male) |
| 19:12 | Create | Knight |
| 19:28 | Create | Villager (Male) |
| 19:31 | Build | Farm |
| 19:34 | Build | Farm |
| 19:40 | Build | Town Center |
| 19:47 | Create | Knight |
| 20:21 | Create | Knight |
| 20:21 | Create | Knight |
| 20:21 | Create | Knight |
| 20:36 | Create | Villager (Male) |
| 20:39 | Build | Farm |
| 20:53 | Build | Farm |
| 20:54 | Create | Villager (Male) |
| 20:58 | Create | Knight |
| 21:09 | Create | Villager (Male) |
| 21:23 | Build | Town Center |
| 21:29 | Create | Knight |
| 21:40 | Create | Villager (Male) |
| 21:44 | Build | Farm |
| 21:46 | Build | Farm |
| 21:55 | Create | Villager (Male) |
| 21:56 | Create | Villager (Male) |
| 22:01 | Build | House |
| 22:14 | Research | Scale Barding Armor |
| 22:28 | Create | Villager (Male) |
| 22:33 | Build | Market |
| 22:36 | Build | House |
| 22:46 | Create | Villager (Male) |
| 22:47 | Create | Villager (Male) |
| 23:17 | Build | Farm |
| 23:24 | Create | Villager (Male) |
| 23:25 | Create | Villager (Male) |
| 23:43 | Create | Villager (Male) |
| 23:43 | Create | Villager (Male) |
| 23:44 | Create | Villager (Male) |
| 23:47 | Build | House |
| 23:53 | Build | Farm |
| 24:05 | Create | Villager (Male) |
| 24:06 | Create | Villager (Male) |
| 24:06 | Create | Villager (Male) |
| 24:10 | Build | Farm |
| 24:13 | Build | Farm |
| 24:23 | Create | Villager (Male) |
| 24:24 | Create | Villager (Male) |
| 24:27 | Build | Farm |
| 24:38 | Create | Villager (Male) |
| 24:47 | Create | Villager (Male) |
| 24:48 | Create | Villager (Male) |
| 24:51 | Build | House |
| 25:10 | Create | Knight |
| 25:11 | Create | Knight |
| 25:11 | Create | Knight |
| 25:36 | Build | House |
| 25:38 | Create | Villager (Male) |
| 25:39 | Create | Villager (Male) |
| 25:39 | Create | Villager (Male) |
| 26:02 | Build | Town Center |
| 26:14 | Create | Knight |
| 26:14 | Create | Knight |
| 26:30 | Build | House |
| 26:32 | Create | Villager (Male) |
| 26:32 | Create | Villager (Male) |
| 26:35 | Research | Bow Saw |
| 26:43 | Research | Horse Collar |
| 27:12 | Research | Forging |
| 27:13 | Build | House |
| 27:16 | Create | Villager (Male) |
| 27:16 | Create | Villager (Male) |
| 27:17 | Create | Villager (Male) |
| 27:26 | Research | Gold Mining |
| 27:41 | Create | Villager (Male) |
| 27:42 | Create | Villager (Male) |
| 27:43 | Create | Villager (Male) |
Build order — thomas shelby
First 150 of 484 actions detected
| 0:05 | Create | Villager (Male) |
| 0:17 | Build | House |
| 0:18 | Build | House |
| 0:21 | Create | Villager (Male) |
| 0:48 | Create | Villager (Male) |
| 1:17 | Create | Villager (Male) |
| 1:39 | Build | Lumber Camp |
| 1:53 | Create | Villager (Male) |
| 2:21 | Create | Villager (Male) |
| 3:07 | Build | House |
| 3:08 | Build | House |
| 3:14 | Research | Loom |
| 3:37 | Create | Villager (Male) |
| 4:06 | Create | Villager (Male) |
| 4:23 | Build | Palisade Wall |
| 4:51 | Build | Building 800 |
| 4:59 | Build | Palisade Wall |
| 5:01 | Create | Villager (Male) |
| 5:28 | Create | Villager (Male) |
| 6:04 | Create | Villager (Male) |
| 6:29 | Create | Villager (Male) |
| 7:04 | Create | Villager (Male) |
| 7:17 | Build | Mill |
| 7:37 | Create | Villager (Male) |
| 7:55 | Create | Villager (Male) |
| 8:40 | Build | Barracks |
| 8:43 | Create | Villager (Male) |
| 9:13 | Research | Feudal Age |
| 9:32 | Build | Palisade Gate |
| 10:34 | Build | House |
| 10:39 | Build | Palisade Wall |
| 10:47 | Build | Palisade Wall |
| 10:55 | Create | Villager (Male) |
| 11:23 | Age | Feudal Age |
| 11:31 | Build | Palisade Wall |
| 11:34 | Build | Palisade Wall |
| 11:39 | Research | Double-Bit Axe |
| 11:47 | Build | Farm |
| 11:49 | Build | Farm |
| 11:50 | Build | Farm |
| 11:53 | Create | Villager (Male) |
| 12:01 | Build | Blacksmith |
| 12:06 | Create | Villager (Male) |
| 12:32 | Build | Palisade Gate |
| 12:37 | Build | Palisade Wall |
| 12:41 | Build | Palisade Wall |
| 12:45 | Create | Villager (Male) |
| 13:09 | Build | Archery Range |
| 13:15 | Create | Villager (Male) |
| 13:40 | Build | Farm |
| 13:43 | Create | Villager (Male) |
| 13:57 | Build | House |
| 14:13 | Create | Villager (Male) |
| 14:17 | Build | Farm |
| 14:18 | Build | Farm |
| 14:21 | Create | Villager (Male) |
| 14:23 | Create | Skirmisher |
| 14:23 | Create | Skirmisher |
| 14:57 | Research | Fletching |
| 14:59 | Create | Villager (Male) |
| 15:04 | Build | Mining Camp |
| 15:09 | Create | Villager (Male) |
| 15:12 | Create | Skirmisher |
| 16:10 | Create | Villager (Male) |
| 16:15 | Build | Farm |
| 16:16 | Build | Farm |
| 16:16 | Build | Farm |
| 17:02 | Create | Villager (Male) |
| 17:11 | Build | Lumber Camp |
| 17:17 | Build | House |
| 17:56 | Create | Villager (Male) |
| 18:00 | Build | Farm |
| 18:01 | Build | Farm |
| 18:02 | Build | Farm |
| 18:03 | Build | Farm |
| 18:04 | Build | Farm |
| 18:08 | Create | Villager (Male) |
| 18:11 | Research | Horse Collar |
| 19:06 | Create | Skirmisher |
| 19:06 | Create | Skirmisher |
| 19:25 | Research | Castle Age |
| 19:47 | Build | Archery Range |
| 19:52 | Create | Archer |
| 19:53 | Create | Archer |
| 20:04 | Research | Padded Archer Armor |
| 20:09 | Build | House |
| 20:12 | Build | House |
| 20:13 | Build | House |
| 20:35 | Research | Gold Mining |
| 20:45 | Create | Archer |
| 20:45 | Create | Archer |
| 21:19 | Create | Archer |
| 21:19 | Create | Archer |
| 21:34 | Create | Villager (Male) |
| 22:04 | Age | Castle Age |
| 22:07 | Build | House |
| 22:26 | Research | Bodkin Arrow |
| 22:28 | Research | Crossbowman (upgrade) |
| 22:33 | Create | Villager (Male) |
| 22:34 | Research | Bow Saw |
| 22:39 | Create | Archer |
| 22:39 | Create | Archer |
| 22:50 | Build | University |
| 23:00 | Research | Wheelbarrow |
| 23:07 | Build | House |
| 23:23 | Create | Villager (Male) |
| 23:46 | Create | Archer |
| 23:46 | Create | Archer |
| 24:04 | Build | Town Center |
| 24:11 | Create | Villager (Male) |
| 24:12 | Create | Villager (Male) |
| 24:24 | Research | Leather Archer Armor |
| 24:46 | Build | House |
| 24:47 | Build | House |
| 25:16 | Create | Villager (Male) |
| 25:30 | Build | Town Center |
| 25:41 | Research | Town Watch |
| 25:47 | Create | Villager (Male) |
| 26:24 | Research | Ballistics |
| 26:47 | Create | Villager (Male) |
| 27:19 | Create | Villager (Male) |
| 27:19 | Create | Villager (Male) |
| 27:39 | Create | Archer |
| 27:39 | Create | Archer |
| 27:49 | Build | House |
| 28:27 | Create | Villager (Male) |
| 28:41 | Build | Palisade Wall |
| 28:47 | Create | Villager (Male) |
| 28:49 | Research | Hand Cart |
| 29:19 | Create | Villager (Male) |
| 29:21 | Create | Villager (Male) |
| 29:30 | Create | Villager (Male) |
| 29:53 | Build | Siege Workshop |
| 30:32 | Build | Siege Workshop |
| 30:41 | Create | Villager (Male) |
| 30:45 | Build | Farm |
| 30:46 | Build | Farm |
| 30:47 | Build | Farm |
| 30:47 | Build | Farm |
| 30:48 | Build | Farm |
| 30:50 | Create | Villager (Male) |
| 30:54 | Build | Farm |
| 30:55 | Build | Farm |
| 30:56 | Build | Farm |
| 31:00 | Build | House |
| 31:02 | Build | House |
| 31:03 | Build | House |
| 31:19 | Create | Villager (Male) |
| 31:24 | Build | Farm |
| 31:25 | Build | Farm |
Build order — rigma
First 150 of 404 actions detected
| 0:04 | Build | House |
| 0:06 | Build | House |
| 0:12 | Create | Villager (Male) |
| 0:12 | Create | Villager (Male) |
| 0:13 | Create | Villager (Male) |
| 0:13 | Create | Villager (Male) |
| 1:36 | Create | Villager (Male) |
| 1:37 | Create | Villager (Male) |
| 2:00 | Build | Lumber Camp |
| 2:07 | Create | Villager (Male) |
| 2:07 | Create | Villager (Male) |
| 2:23 | Create | Villager (Male) |
| 2:23 | Create | Villager (Male) |
| 2:55 | Create | Villager (Male) |
| 2:55 | Create | Villager (Male) |
| 3:35 | Create | Villager (Male) |
| 3:36 | Create | Villager (Male) |
| 3:41 | Build | House |
| 3:47 | Create | Villager (Male) |
| 3:47 | Create | Villager (Male) |
| 3:52 | Research | Loom |
| 3:52 | Create | Villager (Male) |
| 3:55 | Build | Mill |
| 4:22 | Create | Villager (Male) |
| 4:39 | Create | Villager (Male) |
| 4:39 | Create | Villager (Male) |
| 5:13 | Create | Villager (Male) |
| 5:47 | Create | Villager (Male) |
| 6:13 | Build | House |
| 6:17 | Create | Villager (Male) |
| 6:17 | Create | Villager (Male) |
| 7:10 | Create | Villager (Male) |
| 7:10 | Create | Villager (Male) |
| 7:49 | Build | Lumber Camp |
| 7:52 | Create | Villager (Male) |
| 8:07 | Create | Villager (Male) |
| 8:09 | Create | Villager (Male) |
| 8:21 | Build | House |
| 8:26 | Build | Barracks |
| 9:09 | Build | Mill |
| 9:20 | Create | Villager (Male) |
| 9:23 | Research | Feudal Age |
| 10:35 | Build | House |
| 11:00 | Build | House |
| 11:26 | Create | Villager (Male) |
| 11:26 | Create | Villager (Male) |
| 11:27 | Create | Villager (Male) |
| 11:33 | Age | Feudal Age |
| 11:54 | Build | Barracks |
| 11:59 | Build | Stable |
| 12:02 | Create | Villager (Male) |
| 13:10 | Create | Villager (Male) |
| 13:14 | Build | Mining Camp |
| 13:22 | Build | Farm |
| 13:23 | Build | Farm |
| 13:25 | Create | Villager (Male) |
| 13:38 | Build | Blacksmith |
| 13:54 | Create | Villager (Male) |
| 14:13 | Build | Farm |
| 14:18 | Build | Farm |
| 14:21 | Create | Villager (Male) |
| 14:45 | Research | Man-at-Arms (upgrade) |
| 14:48 | Create | Militia ×5 |
| 14:48 | Create | Militia ×5 |
| 15:04 | Create | Villager (Male) |
| 15:05 | Create | Villager (Male) |
| 15:05 | Create | Villager (Male) |
| 15:14 | Build | Farm |
| 15:15 | Build | Farm |
| 15:16 | Build | Farm |
| 15:21 | Build | Farm |
| 15:23 | Build | Farm |
| 15:26 | Build | Farm |
| 15:41 | Build | Farm |
| 15:52 | Research | Scale Mail Armor |
| 15:53 | Research | Forging |
| 15:58 | Build | Palisade Wall |
| 16:02 | Build | Palisade Wall |
| 16:09 | Create | Militia ×3 |
| 16:14 | Build | House |
| 16:16 | Build | House |
| 16:21 | Build | Farm |
| 16:27 | Build | Farm |
| 17:04 | Create | Militia ×4 |
| 17:47 | Research | Forging |
| 18:15 | Create | Villager (Male) |
| 18:15 | Create | Villager (Male) |
| 18:16 | Create | Villager (Male) |
| 18:23 | Build | Mill |
| 18:26 | Build | Farm |
| 18:27 | Build | Farm |
| 18:30 | Build | Farm |
| 18:31 | Build | Farm |
| 18:39 | Build | House |
| 18:43 | Build | House |
| 18:50 | Build | Palisade Wall |
| 18:58 | Build | Palisade Wall |
| 19:13 | Build | Mining Camp |
| 20:42 | Build | Palisade Gate |
| 21:22 | Create | Villager (Male) |
| 21:22 | Create | Villager (Male) |
| 21:25 | Research | Castle Age |
| 21:31 | Research | Stone Mining |
| 21:33 | Research | Double-Bit Axe |
| 21:40 | Research | Horse Collar |
| 22:58 | Research | Scale Barding Armor |
| 23:04 | Build | Stable |
| 23:08 | Build | Stable |
| 23:14 | Build | Barracks |
| 24:13 | Create | Villager (Male) |
| 24:14 | Create | Villager (Male) |
| 24:14 | Create | Villager (Male) |
| 24:14 | Create | Villager (Male) |
| 24:38 | Build | Farm |
| 24:39 | Build | Farm |
| 24:50 | Build | Farm |
| 24:52 | Age | Castle Age |
| 24:54 | Build | Farm |
| 24:57 | Build | House |
| 24:59 | Build | Farm |
| 25:10 | Build | Town Center |
| 25:28 | Research | Gambesons |
| 25:30 | Research | Long Swordsman (upgrade) |
| 25:34 | Research | Husbandry |
| 26:00 | Research | Chain Barding Armor |
| 26:02 | Research | Chain Mail Armor |
| 26:02 | Research | Iron Casting |
| 26:36 | Create | Knight |
| 26:36 | Create | Knight |
| 26:54 | Create | Villager (Male) |
| 26:54 | Create | Villager (Male) |
| 26:54 | Create | Villager (Male) |
| 26:55 | Create | Villager (Male) |
| 27:27 | Create | Villager (Male) |
| 27:27 | Create | Villager (Male) |
| 27:27 | Create | Villager (Male) |
| 27:28 | Create | Villager (Male) |
| 27:40 | Create | Villager (Male) |
| 27:41 | Create | Villager (Male) |
| 27:47 | Build | Lumber Camp |
| 28:01 | Build | Mining Camp |
| 28:13 | Build | Farm |
| 28:15 | Build | Mill |
| 28:33 | Create | Villager (Male) |
| 28:33 | Create | Villager (Male) |
| 28:58 | Build | Castle |
| 29:00 | Build | Farm |
| 29:02 | Build | Farm |
| 29:21 | Create | Knight ×5 |
| 29:22 | Create | Knight |
Build order — DerkerTheBerserker
First 150 of 442 actions detected
| 0:02 | Create | Villager (Male) |
| 0:02 | Create | Villager (Male) |
| 0:03 | Create | Villager (Male) |
| 0:04 | Build | House |
| 0:07 | Build | House |
| 1:10 | Create | Villager (Male) |
| 1:28 | Create | Villager (Male) |
| 1:53 | Build | Lumber Camp |
| 2:35 | Create | Villager (Male) |
| 2:35 | Create | Villager (Male) |
| 3:08 | Create | Villager (Male) |
| 3:35 | Build | House |
| 3:47 | Create | Villager (Male) |
| 4:01 | Create | Villager (Male) |
| 4:43 | Create | Villager (Male) |
| 4:44 | Create | Villager (Male) |
| 4:44 | Create | Villager (Male) |
| 4:49 | Build | Mill |
| 5:30 | Create | Villager (Male) |
| 5:35 | Create | Villager (Male) |
| 5:37 | Create | Villager (Male) |
| 6:29 | Create | Villager (Male) |
| 6:29 | Create | Villager (Male) |
| 6:31 | Build | Mining Camp |
| 6:45 | Build | House |
| 7:30 | Create | Villager (Male) |
| 7:42 | Create | Villager (Male) |
| 7:46 | Build | Mill |
| 8:06 | Create | Villager (Male) |
| 8:06 | Create | Villager (Male) |
| 9:00 | Research | Feudal Age |
| 9:50 | Build | Farm |
| 9:53 | Build | Farm |
| 11:07 | Build | House |
| 11:11 | Create | Villager (Male) |
| 11:29 | Age | Feudal Age |
| 11:35 | Research | Loom |
| 11:44 | Build | House |
| 11:55 | Build | House |
| 12:03 | Build | House |
| 12:17 | Build | Barracks |
| 12:25 | Build | Blacksmith |
| 12:31 | Build | Farm |
| 12:33 | Build | Farm |
| 12:34 | Create | Villager (Male) |
| 12:55 | Build | House |
| 13:03 | Build | Palisade Wall |
| 13:09 | Build | Palisade Gate |
| 13:16 | Create | Villager (Male) |
| 13:53 | Build | Market |
| 14:20 | Research | Castle Age |
| 14:28 | Build | Mining Camp |
| 15:48 | Build | House |
| 15:55 | Build | House |
| 16:10 | Build | Lumber Camp |
| 16:23 | Build | House |
| 17:00 | Age | Castle Age |
| 17:41 | Build | Castle |
| 17:47 | Create | Villager (Male) |
| 17:47 | Create | Villager (Male) |
| 18:36 | Create | Villager (Male) |
| 18:55 | Research | Fletching |
| 19:07 | Create | Villager (Male) |
| 19:31 | Build | Town Center |
| 20:00 | Create | Mangudai |
| 20:17 | Research | Double-Bit Axe |
| 20:56 | Create | Villager (Male) |
| 20:57 | Create | Villager (Male) |
| 21:32 | Create | Mangudai |
| 21:33 | Create | Mangudai |
| 22:22 | Create | Mangudai |
| 22:27 | Create | Villager (Male) |
| 22:27 | Create | Villager (Male) |
| 23:28 | Create | Mangudai |
| 23:28 | Create | Mangudai |
| 23:32 | Create | Spearman |
| 23:33 | Create | Spearman |
| 23:43 | Build | Stable |
| 23:48 | Create | Mangudai |
| 23:58 | Build | University |
| 24:01 | Build | House |
| 25:18 | Create | Villager (Male) |
| 25:32 | Build | Archery Range |
| 25:36 | Build | Farm |
| 26:47 | Create | Villager (Male) |
| 26:48 | Create | Villager (Male) |
| 26:52 | Build | Farm |
| 26:54 | Build | Farm |
| 26:56 | Build | Farm |
| 27:23 | Research | Ballistics |
| 27:37 | Research | Town Watch |
| 27:39 | Create | Villager (Male) |
| 27:43 | Build | Farm |
| 28:20 | Create | Villager (Male) |
| 28:34 | Build | Farm |
| 28:34 | Build | Farm |
| 28:34 | Build | Farm |
| 28:34 | Build | Farm |
| 28:35 | Build | Farm |
| 28:35 | Build | Farm |
| 30:39 | Research | Bodkin Arrow |
| 30:40 | Research | Padded Archer Armor |
| 30:45 | Research | Wheelbarrow |
| 30:47 | Create | Villager (Male) |
| 31:19 | Build | Castle |
| 32:00 | Create | Villager (Male) |
| 32:00 | Create | Villager (Male) |
| 32:01 | Create | Villager (Male) |
| 32:02 | Create | Villager (Male) |
| 32:08 | Research | Elite Skirmisher (upgrade) |
| 32:14 | Create | Mangudai |
| 32:14 | Create | Mangudai |
| 32:15 | Create | Mangudai |
| 32:16 | Create | Mangudai |
| 32:25 | Create | Mangudai |
| 32:25 | Create | Mangudai |
| 32:25 | Create | Mangudai |
| 32:36 | Build | Siege Workshop |
| 32:41 | Create | Villager (Male) |
| 32:41 | Create | Villager (Male) |
| 32:53 | Research | Horse Collar |
| 33:25 | Build | Stable |
| 33:55 | Create | Skirmisher |
| 33:56 | Create | Skirmisher |
| 34:14 | Research | Bloodlines |
| 34:15 | Research | Husbandry |
| 34:36 | Create | Skirmisher |
| 34:36 | Create | Skirmisher |
| 34:37 | Create | Skirmisher |
| 38:32 | Create | Mangudai ×5 |
| 38:32 | Create | Mangudai ×5 |
| 38:33 | Create | Mangudai ×5 |
| 38:38 | Create | Battering Ram |
| 38:38 | Create | Battering Ram |
| 38:43 | Create | Skirmisher |
| 38:43 | Create | Skirmisher |
| 38:48 | Research | Pikeman (upgrade) |
| 38:49 | Create | Spearman |
| 38:58 | Create | Villager (Male) ×5 |
| 38:59 | Create | Villager (Male) ×5 |
| 38:59 | Create | Villager (Male) ×5 |
| 40:45 | Research | Leather Archer Armor |
| 40:51 | Create | Mangudai |
| 40:52 | Create | Mangudai |
| 40:52 | Create | Mangudai |
| 40:52 | Create | Mangudai |
| 40:52 | Create | Mangudai |
| 40:52 | Create | Mangudai |
| 41:09 | Research | Gold Mining |
| 41:12 | Research | Stone Mining |
Build order — RobinDeLyon
First 150 of 459 actions detected
| 0:05 | Build | House |
| 0:07 | Build | House |
| 0:08 | Create | Villager (Male) |
| 0:09 | Create | Villager (Male) |
| 0:09 | Create | Villager (Male) |
| 0:09 | Create | Villager (Male) |
| 1:07 | Create | Villager (Male) |
| 1:43 | Create | Villager (Male) |
| 2:16 | Build | Lumber Camp |
| 2:49 | Create | Villager (Male) |
| 2:50 | Create | Villager (Male) |
| 2:50 | Create | Villager (Male) |
| 3:28 | Create | Villager (Male) |
| 3:28 | Create | Villager (Male) |
| 3:28 | Create | Villager (Male) |
| 4:33 | Build | Mill |
| 4:39 | Create | Villager (Male) |
| 5:22 | Create | Villager (Male) |
| 5:23 | Create | Villager (Male) |
| 5:27 | Build | House |
| 5:32 | Research | Loom |
| 6:05 | Create | Villager (Male) |
| 6:06 | Create | Villager (Male) |
| 6:06 | Create | Villager (Male) |
| 6:07 | Create | Villager (Male) |
| 6:18 | Build | House |
| 6:52 | Build | Lumber Camp |
| 7:12 | Create | Villager (Male) |
| 7:56 | Create | Villager (Male) |
| 7:59 | Create | Villager (Male) |
| 8:23 | Build | Mining Camp |
| 8:43 | Build | House |
| 8:51 | Create | Villager (Male) |
| 8:52 | Create | Villager (Male) |
| 9:15 | Build | Mining Camp |
| 9:45 | Research | Feudal Age |
| 9:57 | Build | Barracks |
| 10:02 | Build | House |
| 11:17 | Build | Mill |
| 12:00 | Age | Feudal Age |
| 12:03 | Create | Villager (Male) |
| 12:04 | Create | Villager (Male) |
| 12:16 | Build | Blacksmith |
| 12:27 | Build | Market |
| 12:35 | Create | Villager (Male) |
| 12:54 | Build | House |
| 13:57 | Create | Villager (Male) |
| 14:29 | Build | Stable |
| 15:03 | Create | Villager (Male) |
| 17:35 | Research | Castle Age |
| 17:39 | Research | Horse Collar |
| 18:04 | Build | Stable |
| 18:12 | Build | Farm |
| 18:13 | Build | Farm |
| 18:13 | Build | Farm |
| 18:13 | Build | Farm |
| 18:14 | Build | Farm |
| 18:15 | Build | Farm |
| 19:01 | Research | Scale Mail Armor |
| 19:29 | Build | Farm |
| 19:30 | Build | Farm |
| 19:32 | Build | Farm |
| 19:35 | Build | Farm |
| 19:52 | Research | Bloodlines |
| 20:15 | Age | Castle Age |
| 20:32 | Create | Camel Scout |
| 20:33 | Create | Camel Scout |
| 20:48 | Create | Villager (Male) |
| 21:05 | Build | Town Center |
| 21:16 | Create | Camel Scout |
| 21:16 | Create | Camel Scout |
| 21:19 | Create | Camel Scout |
| 21:19 | Create | Camel Scout |
| 21:46 | Create | Camel Scout |
| 21:53 | Create | Camel Scout |
| 22:02 | Create | Villager (Male) |
| 22:02 | Create | Villager (Male) |
| 22:36 | Create | Camel Scout |
| 22:36 | Create | Camel Scout |
| 22:43 | Create | Villager (Male) |
| 22:51 | Build | House |
| 22:53 | Build | House |
| 23:34 | Research | Chain Mail Armor |
| 24:26 | Create | Villager (Male) |
| 24:26 | Create | Villager (Male) |
| 25:06 | Create | Camel Scout |
| 25:06 | Create | Camel Scout |
| 25:46 | Create | Camel Scout |
| 25:46 | Create | Camel Scout |
| 25:53 | Create | Villager (Male) |
| 26:33 | Create | Camel Scout |
| 26:33 | Create | Camel Scout |
| 26:50 | Create | Villager (Male) |
| 26:50 | Create | Villager (Male) |
| 26:51 | Create | Villager (Male) |
| 27:03 | Create | Camel Scout |
| 27:04 | Create | Camel Scout |
| 27:27 | Create | Villager (Male) |
| 27:27 | Create | Villager (Male) |
| 27:28 | Create | Villager (Male) |
| 27:34 | Build | Farm |
| 27:35 | Build | Farm |
| 27:35 | Build | Farm |
| 27:35 | Build | Farm |
| 27:36 | Build | Farm |
| 27:36 | Build | Farm |
| 27:36 | Build | Farm |
| 27:36 | Build | Farm |
| 27:37 | Build | Farm |
| 28:09 | Create | Camel Scout |
| 28:09 | Create | Camel Scout |
| 28:19 | Create | Villager (Male) |
| 28:20 | Create | Villager (Male) |
| 28:20 | Create | Villager (Male) |
| 28:20 | Create | Villager (Male) |
| 29:24 | Create | Villager (Male) |
| 29:24 | Create | Villager (Male) |
| 29:24 | Create | Villager (Male) |
| 29:25 | Create | Villager (Male) |
| 29:25 | Create | Villager (Male) |
| 29:26 | Create | Villager (Male) |
| 29:26 | Create | Villager (Male) |
| 29:26 | Create | Villager (Male) |
| 29:27 | Create | Villager (Male) |
| 29:47 | Research | Heavy Plow |
| 29:48 | Research | Heavy Plow |
| 30:36 | Create | Villager (Male) |
| 30:36 | Create | Villager (Male) |
| 30:36 | Create | Villager (Male) |
| 30:41 | Create | Camel Scout |
| 30:41 | Create | Camel Scout |
| 30:54 | Build | House |
| 30:56 | Build | House |
| 30:59 | Build | House |
| 31:00 | Build | House |
| 31:08 | Create | Camel Scout |
| 31:08 | Create | Camel Scout |
| 31:45 | Research | Forging |
| 31:50 | Create | Villager (Male) |
| 31:50 | Create | Villager (Male) |
| 32:16 | Build | Farm |
| 32:17 | Build | Farm |
| 32:25 | Build | House |
| 32:26 | Build | House |
| 32:26 | Build | House |
| 32:27 | Build | House |
| 32:27 | Build | House |
| 32:30 | Build | House |
| 32:33 | Build | House |
| 32:56 | Research | Husbandry |
Build order — Haidouzo
First 150 of 430 actions detected
| 0:01 | Create | Villager (Male) ×4 |
| 0:01 | Create | Villager (Male) ×4 |
| 0:03 | Build | House |
| 0:06 | Build | House |
| 1:27 | Create | Villager (Male) |
| 1:27 | Create | Villager (Male) |
| 1:50 | Build | Lumber Camp |
| 2:03 | Create | Villager (Male) |
| 2:20 | Create | Villager (Male) |
| 2:20 | Create | Villager (Male) |
| 2:51 | Create | Villager (Male) |
| 3:03 | Create | Villager (Male) |
| 3:19 | Build | House |
| 3:37 | Create | Villager (Male) |
| 3:38 | Create | Villager (Male) |
| 4:04 | Create | Villager (Male) |
| 4:05 | Create | Villager (Male) |
| 4:16 | Build | Mill |
| 4:46 | Create | Villager (Male) |
| 4:46 | Create | Villager (Male) |
| 5:11 | Create | Villager (Male) |
| 5:11 | Create | Villager (Male) |
| 5:12 | Create | Villager (Male) |
| 5:24 | Build | House |
| 5:38 | Create | Villager (Male) |
| 5:40 | Create | Villager (Male) |
| 6:02 | Create | Villager (Male) |
| 6:24 | Research | Loom |
| 6:33 | Build | Lumber Camp |
| 7:29 | Build | House |
| 7:55 | Research | Feudal Age |
| 8:05 | Build | Mining Camp |
| 8:14 | Build | Mining Camp |
| 8:31 | Build | Barracks |
| 9:47 | Create | Villager (Male) |
| 9:47 | Create | Villager (Male) |
| 10:05 | Age | Feudal Age |
| 10:06 | Build | Archery Range |
| 10:16 | Research | Double-Bit Axe |
| 10:37 | Build | Archery Range |
| 10:53 | Create | Villager (Male) |
| 10:58 | Create | Villager (Male) |
| 11:12 | Build | House |
| 11:21 | Build | Palisade Wall |
| 11:24 | Build | Palisade Wall |
| 11:28 | Create | Archer ×5 |
| 11:36 | Create | Villager (Male) |
| 11:53 | Build | Blacksmith |
| 12:04 | Create | Villager (Male) |
| 12:25 | Build | Palisade Wall |
| 12:32 | Build | Building 804 |
| 12:35 | Build | Palisade Wall |
| 12:39 | Create | Villager (Male) |
| 12:44 | Build | House |
| 13:04 | Create | Villager (Male) |
| 13:08 | Build | Farm |
| 13:15 | Build | House |
| 13:40 | Build | Farm |
| 13:42 | Build | Farm |
| 13:45 | Create | Villager (Male) |
| 13:56 | Build | House |
| 13:58 | Build | House |
| 14:08 | Research | Fletching |
| 14:11 | Create | Archer |
| 14:11 | Create | Archer |
| 14:45 | Create | Villager (Male) |
| 14:48 | Build | Farm |
| 14:49 | Build | Farm |
| 14:50 | Build | Farm |
| 14:52 | Build | Farm |
| 14:54 | Build | Farm |
| 15:08 | Build | Market |
| 15:25 | Create | Villager (Male) |
| 15:30 | Research | Wheelbarrow |
| 15:34 | Build | Farm |
| 15:35 | Build | Farm |
| 15:40 | Build | Farm |
| 15:42 | Build | Farm |
| 15:54 | Build | Palisade Wall |
| 16:09 | Build | Farm |
| 16:19 | Build | Farm |
| 16:21 | Create | Villager (Male) |
| 16:21 | Create | Villager (Male) |
| 17:00 | Build | Farm |
| 17:02 | Create | Villager (Male) |
| 17:31 | Build | Farm |
| 18:08 | Create | Villager (Male) |
| 18:12 | Build | Farm |
| 18:16 | Build | Mill |
| 18:17 | Build | Palisade Wall |
| 18:20 | Build | Palisade Wall |
| 18:30 | Build | Stable |
| 18:36 | Build | House |
| 18:40 | Create | Villager (Male) |
| 18:47 | Build | Farm |
| 19:24 | Research | Castle Age |
| 19:32 | Build | Stable |
| 19:54 | Build | Farm |
| 20:00 | Research | Scale Barding Armor |
| 21:01 | Build | Stable |
| 21:17 | Research | Forging |
| 21:50 | Build | Palisade Wall |
| 22:04 | Age | Castle Age |
| 22:11 | Create | Knight ×5 |
| 22:13 | Create | Knight |
| 22:31 | Build | Town Center |
| 22:53 | Create | Knight ×3 |
| 22:57 | Create | Villager (Male) |
| 22:58 | Create | Villager (Male) |
| 23:07 | Create | Skirmisher ×5 |
| 23:36 | Create | Villager (Male) |
| 23:46 | Build | Town Center |
| 23:47 | Create | Villager (Male) ×5 |
| 24:20 | Research | Husbandry |
| 24:21 | Create | Knight ×2 |
| 24:35 | Research | Padded Archer Armor |
| 24:45 | Create | Villager (Male) |
| 24:46 | Create | Villager (Male) |
| 24:51 | Create | Villager (Male) |
| 24:57 | Build | Farm |
| 24:58 | Build | Farm |
| 25:09 | Research | Bow Saw |
| 25:30 | Research | Elite Skirmisher (upgrade) |
| 25:34 | Create | Skirmisher ×3 |
| 25:39 | Create | Villager (Male) |
| 25:39 | Create | Villager (Male) |
| 26:40 | Create | Skirmisher ×5 |
| 26:45 | Create | Knight ×4 |
| 26:46 | Create | Knight ×4 |
| 26:56 | Create | Villager (Male) |
| 26:57 | Create | Villager (Male) |
| 27:15 | Create | Skirmisher ×4 |
| 27:20 | Build | House |
| 27:22 | Build | House |
| 27:48 | Create | Skirmisher ×5 |
| 27:52 | Create | Villager (Male) |
| 27:54 | Build | Farm |
| 27:57 | Create | Villager (Male) |
| 27:57 | Create | Villager (Male) |
| 28:03 | Create | Villager (Male) |
| 28:34 | Create | Villager (Male) |
| 28:37 | Build | Farm |
| 28:44 | Build | Farm |
| 28:45 | Create | Villager (Male) |
| 28:46 | Create | Villager (Male) |
| 28:49 | Create | Villager (Male) |
| 28:49 | Create | Villager (Male) |
| 29:54 | Research | Hand Cart |
| 29:57 | Create | Villager (Male) |
| 29:58 | Create | Villager (Male) |
Build order — IKILLY
First 150 of 1053 actions detected
| 0:04 | Build | House |
| 0:07 | Build | House |
| 0:19 | Create | Villager (Male) |
| 0:19 | Create | Villager (Male) |
| 0:19 | Create | Villager (Male) |
| 0:43 | Create | Villager (Male) |
| 0:43 | Create | Villager (Male) |
| 1:21 | Create | Villager (Male) |
| 2:04 | Build | Lumber Camp |
| 2:15 | Create | Villager (Male) |
| 2:32 | Create | Villager (Male) |
| 2:32 | Create | Villager (Male) |
| 3:04 | Create | Villager (Male) |
| 3:40 | Create | Villager (Male) |
| 4:09 | Build | Mill |
| 4:23 | Create | Villager (Male) |
| 4:23 | Create | Villager (Male) |
| 4:24 | Create | Villager (Male) |
| 4:29 | Build | House |
| 5:03 | Create | Villager (Male) |
| 5:04 | Create | Villager (Male) |
| 5:36 | Create | Villager (Male) |
| 5:49 | Create | Villager (Male) |
| 5:49 | Create | Villager (Male) |
| 5:55 | Build | House |
| 6:31 | Create | Villager (Male) |
| 6:33 | Create | Villager (Male) |
| 6:33 | Create | Villager (Male) |
| 7:00 | Create | Villager (Male) |
| 7:11 | Create | Villager (Male) |
| 7:14 | Research | Loom |
| 7:14 | Create | Villager (Male) |
| 7:14 | Create | Villager (Male) |
| 7:47 | Create | Villager (Male) |
| 7:51 | Create | Villager (Male) |
| 8:32 | Build | Palisade Wall |
| 10:02 | Research | Feudal Age |
| 10:08 | Build | Palisade Wall |
| 10:10 | Build | Palisade Wall |
| 10:15 | Build | Palisade Wall |
| 10:20 | Build | Building 796 |
| 10:30 | Build | Farm |
| 10:30 | Build | Farm |
| 10:31 | Build | Farm |
| 10:52 | Build | Palisade Wall |
| 10:54 | Build | Palisade Wall |
| 10:59 | Build | Palisade Wall |
| 11:48 | Build | Mining Camp |
| 12:12 | Age | Feudal Age |
| 12:13 | Research | Double-Bit Axe |
| 12:14 | Create | Villager (Male) |
| 12:15 | Create | Villager (Male) |
| 12:18 | Research | Loom |
| 12:24 | Build | House |
| 12:34 | Build | Farm |
| 12:35 | Build | Farm |
| 12:35 | Build | Farm |
| 12:35 | Build | Farm |
| 12:36 | Build | Farm |
| 12:37 | Build | Farm |
| 12:37 | Build | Farm |
| 12:46 | Build | Barracks |
| 12:53 | Build | Palisade Wall |
| 12:55 | Build | Palisade Wall |
| 12:59 | Create | Villager (Male) |
| 13:00 | Create | Villager (Male) |
| 13:01 | Create | Villager (Male) |
| 13:01 | Create | Villager (Male) |
| 13:02 | Create | Villager (Male) |
| 13:07 | Build | Farm |
| 13:07 | Build | Farm |
| 13:08 | Build | Farm |
| 13:10 | Build | Farm |
| 13:10 | Build | Farm |
| 13:28 | Create | Villager (Male) |
| 13:49 | Create | Villager (Male) |
| 14:20 | Build | Farm |
| 14:29 | Research | Man-at-Arms (upgrade) |
| 14:58 | Build | Watch Tower |
| 15:27 | Build | Market |
| 15:37 | Create | Militia |
| 15:37 | Create | Militia |
| 15:57 | Create | Villager (Male) |
| 16:05 | Build | Palisade Wall |
| 16:14 | Build | Building 800 |
| 16:41 | Build | House |
| 16:56 | Create | Militia |
| 17:21 | Create | Villager (Male) |
| 17:21 | Create | Villager (Male) |
| 17:33 | Build | House |
| 17:46 | Create | Villager (Male) |
| 17:46 | Create | Villager (Male) |
| 18:05 | Create | Villager (Male) |
| 18:06 | Create | Villager (Male) |
| 18:15 | Build | Blacksmith |
| 18:21 | Build | Palisade Wall |
| 18:37 | Create | Villager (Male) |
| 19:01 | Research | Castle Age |
| 19:11 | Create | Villager (Male) |
| 19:14 | Create | Villager (Male) |
| 19:24 | Create | Villager (Male) |
| 19:48 | Build | Lumber Camp |
| 20:09 | Create | Spearman |
| 20:14 | Create | Spearman |
| 20:59 | Build | Archery Range |
| 21:42 | Age | Castle Age |
| 21:47 | Build | Town Center |
| 22:18 | Create | Skirmisher |
| 22:29 | Research | Horse Collar |
| 23:12 | Create | Villager (Male) |
| 23:13 | Create | Villager (Male) |
| 23:13 | Create | Villager (Male) |
| 23:16 | Create | Villager (Male) |
| 23:16 | Create | Villager (Male) |
| 23:16 | Create | Villager (Male) |
| 23:42 | Build | Stone Wall |
| 24:00 | Build | Mining Camp |
| 24:10 | Create | Villager (Male) |
| 24:10 | Create | Villager (Male) |
| 24:11 | Create | Villager (Male) |
| 24:11 | Create | Villager (Male) |
| 24:13 | Create | Villager (Male) |
| 24:14 | Create | Villager (Male) |
| 24:14 | Create | Villager (Male) |
| 24:16 | Create | Villager (Male) |
| 24:32 | Create | Villager (Male) |
| 24:45 | Create | Villager (Male) |
| 25:21 | Create | Villager (Male) |
| 25:21 | Create | Villager (Male) |
| 25:32 | Build | House |
| 25:33 | Build | House |
| 25:34 | Build | House |
| 25:35 | Build | House |
| 25:47 | Create | Villager (Male) |
| 25:47 | Create | Villager (Male) |
| 25:51 | Build | Farm |
| 25:52 | Build | Farm |
| 25:52 | Build | Farm |
| 25:52 | Build | Farm |
| 25:59 | Build | Farm |
| 26:01 | Create | Villager (Male) |
| 26:04 | Build | House |
| 26:06 | Build | House |
| 26:07 | Build | House |
| 26:15 | Create | Skirmisher |
| 26:25 | Create | Skirmisher |
| 26:26 | Create | Skirmisher |
| 26:27 | Create | Skirmisher |
| 26:39 | Build | Farm |
| 26:57 | Build | Stone Wall |
Build order — Galzinator
First 150 of 707 actions detected
| 0:01 | Create | Villager (Male) |
| 0:01 | Create | Villager (Male) |
| 0:02 | Build | House |
| 0:04 | Build | House |
| 0:17 | Create | Villager (Male) |
| 0:50 | Create | Villager (Male) |
| 0:50 | Create | Villager (Male) |
| 0:50 | Create | Villager (Male) |
| 1:32 | Create | Villager (Male) |
| 1:32 | Create | Villager (Male) |
| 1:41 | Build | Lumber Camp |
| 2:33 | Create | Villager (Male) |
| 2:34 | Create | Villager (Male) |
| 3:01 | Create | Villager (Male) |
| 3:01 | Create | Villager (Male) |
| 3:06 | Build | House |
| 3:25 | Create | Villager (Male) |
| 3:26 | Create | Villager (Male) |
| 4:16 | Create | Villager (Male) |
| 4:41 | Create | Villager (Male) |
| 4:41 | Create | Villager (Male) |
| 4:45 | Build | Mill |
| 5:08 | Create | Villager (Male) |
| 5:21 | Create | Villager (Male) |
| 5:49 | Build | Mill |
| 6:00 | Create | Villager (Male) |
| 6:17 | Create | Villager (Male) |
| 6:26 | Research | Loom |
| 6:42 | Build | Mining Camp |
| 7:13 | Create | Villager (Male) |
| 7:25 | Build | House |
| 7:35 | Create | Villager (Male) |
| 8:15 | Research | Feudal Age |
| 8:23 | Build | Barracks |
| 8:35 | Build | House |
| 8:59 | Build | Palisade Wall |
| 9:00 | Build | Palisade Wall |
| 9:03 | Build | Palisade Wall |
| 9:07 | Create | Villager (Male) |
| 9:18 | Create | Villager (Male) |
| 10:19 | Age | Feudal Age |
| 10:22 | Build | Archery Range |
| 10:26 | Create | Villager (Male) |
| 10:31 | Create | Villager (Male) |
| 10:42 | Build | Blacksmith |
| 10:54 | Create | Villager (Male) |
| 10:55 | Research | Double-Bit Axe |
| 11:17 | Create | Villager (Male) |
| 11:21 | Create | Archer |
| 11:21 | Create | Archer |
| 11:27 | Create | Villager (Male) |
| 11:36 | Create | Spearman |
| 11:57 | Build | Farm |
| 12:00 | Build | Farm |
| 12:08 | Create | Archer |
| 12:12 | Build | House |
| 12:21 | Create | Villager (Male) |
| 12:47 | Build | House |
| 12:54 | Build | Palisade Wall |
| 12:54 | Build | Palisade Wall |
| 12:57 | Create | Villager (Male) |
| 13:01 | Create | Archer |
| 13:11 | Build | Farm |
| 13:14 | Build | Farm |
| 13:17 | Build | Farm |
| 13:20 | Create | Archer |
| 13:38 | Research | Fletching |
| 13:42 | Create | Spearman |
| 13:45 | Create | Villager (Male) |
| 13:50 | Build | House |
| 13:55 | Build | Palisade Wall |
| 13:58 | Create | Villager (Male) |
| 14:01 | Build | Farm |
| 14:03 | Build | Farm |
| 14:06 | Create | Villager (Male) |
| 14:08 | Create | Archer |
| 14:52 | Create | Archer |
| 14:56 | Create | Villager (Male) |
| 15:01 | Build | Lumber Camp |
| 15:16 | Create | Villager (Male) |
| 15:21 | Create | Archer |
| 15:21 | Create | Archer |
| 15:25 | Create | Villager (Male) |
| 15:25 | Create | Villager (Male) |
| 15:27 | Build | Farm |
| 15:57 | Create | Villager (Male) |
| 16:01 | Build | House |
| 16:02 | Build | House |
| 16:04 | Build | House |
| 16:05 | Build | House |
| 16:30 | Create | Villager (Male) |
| 16:34 | Build | Farm |
| 16:34 | Build | Farm |
| 16:38 | Build | Farm |
| 16:39 | Build | Farm |
| 16:39 | Build | Farm |
| 17:47 | Create | Villager (Male) |
| 17:47 | Create | Villager (Male) |
| 17:55 | Create | Archer |
| 17:55 | Create | Archer |
| 18:06 | Build | Farm |
| 18:09 | Build | Farm |
| 18:09 | Build | Farm |
| 18:10 | Build | Farm |
| 18:45 | Create | Villager (Male) |
| 18:57 | Research | Horse Collar |
| 19:26 | Research | Castle Age |
| 19:30 | Build | House |
| 19:35 | Create | Spearman |
| 19:36 | Create | Archer |
| 19:37 | Create | Archer |
| 19:46 | Build | Archery Range |
| 19:57 | Build | Archery Range |
| 20:04 | Create | Spearman |
| 20:18 | Research | Padded Archer Armor |
| 20:22 | Create | Archer |
| 20:22 | Create | Archer |
| 20:24 | Create | Spearman |
| 20:24 | Create | Spearman |
| 20:28 | Create | Villager (Male) |
| 20:34 | Build | House |
| 20:40 | Create | Archer |
| 20:41 | Create | Archer |
| 21:16 | Build | Farm |
| 21:20 | Build | Farm |
| 21:20 | Build | Farm |
| 21:20 | Build | Farm |
| 21:28 | Build | Farm |
| 21:37 | Create | Archer |
| 21:37 | Create | Archer |
| 21:51 | Age | Castle Age |
| 21:52 | Build | Farm |
| 21:59 | Build | Town Center |
| 22:03 | Research | Bow Saw |
| 22:06 | Research | Crossbowman (upgrade) |
| 22:08 | Research | Bodkin Arrow |
| 22:10 | Create | Villager (Male) |
| 22:14 | Research | Horse Collar |
| 22:21 | Create | Archer |
| 22:21 | Create | Archer |
| 22:21 | Create | Archer |
| 22:21 | Create | Archer |
| 22:52 | Research | Pikeman (upgrade) |
| 22:56 | Create | Villager (Male) |
| 23:18 | Create | Villager (Male) |
| 23:18 | Create | Villager (Male) |
| 24:17 | Create | Spearman |
| 24:17 | Create | Spearman |
| 24:20 | Create | Archer ×4 |
| 24:20 | Create | Archer ×4 |
Match timeline
| 4:23 | thomas shelby · wall_segment Palisade Wall x7 |
| 4:59 | thomas shelby · wall_segment Palisade Wall x7 |
| 8:23 | Galzinator · first_building Barracks |
| 8:26 | rigma · first_building Barracks |
| 8:31 | Haidouzo · first_building Barracks |
| 8:32 | IKILLY · wall_segment Palisade Wall x11 |
| 8:40 | thomas shelby · first_building Barracks |
| 8:59 | Galzinator · wall_segment Palisade Wall x1 |
| 9:00 | Galzinator · wall_segment Palisade Wall x1 |
| 9:03 | Galzinator · wall_segment Palisade Wall x5 |
| 9:36 | Silly_Sausage · first_building Barracks |
| 9:57 | RobinDeLyon · first_building Barracks |
| 9:59 | Silly_Sausage · wall_segment Palisade Wall x11 |
| 10:04 | Silly_Sausage · wall_segment Palisade Wall x11 |
| 10:05 | Haidouzo · age_up feudal |
| 10:06 | Haidouzo · first_building Archery Range |
| 10:08 | IKILLY · wall_segment Palisade Wall x5 |
| 10:10 | IKILLY · wall_segment Palisade Wall x3 |
| 10:15 | IKILLY · wall_segment Palisade Wall x13 |
| 10:19 | Galzinator · age_up feudal |
| 10:22 | Galzinator · first_building Archery Range |
| 10:39 | thomas shelby · wall_segment Palisade Wall x4 |
| 10:47 | thomas shelby · wall_segment Palisade Wall x13 |
| 10:52 | IKILLY · wall_segment Palisade Wall x7 |
| 10:54 | IKILLY · wall_segment Palisade Wall x5 |
| 10:59 | IKILLY · wall_segment Palisade Wall x13 |
| 11:21 | Haidouzo · wall_segment Palisade Wall x1 |
| 11:23 | thomas shelby · age_up feudal |
| 11:24 | Haidouzo · wall_segment Palisade Wall x1 |
| 11:29 | DerkerTheBerserker · age_up feudal |
| 11:31 | thomas shelby · wall_segment Palisade Wall x10 |
| 11:32 | Silly_Sausage · age_up feudal |
| 11:33 | rigma · age_up feudal |
| 11:34 | thomas shelby · wall_segment Palisade Wall x2 |
| 11:39 | Silly_Sausage · first_building Stable |
| 11:59 | rigma · first_building Stable |
| 12:00 | RobinDeLyon · age_up feudal |
| 12:12 | IKILLY · age_up feudal |
| 12:17 | DerkerTheBerserker · first_building Barracks |
| 12:25 | Haidouzo · wall_segment Palisade Wall x5 |
| 12:35 | Haidouzo · wall_segment Palisade Wall x1 |
| 12:37 | thomas shelby · wall_segment Palisade Wall x3 |
| 12:41 | thomas shelby · wall_segment Palisade Wall x11 |
| 12:46 | IKILLY · first_building Barracks |
| 12:53 | IKILLY · wall_segment Palisade Wall x11 |
| 12:54 | Galzinator · wall_segment Palisade Wall x1 |
| 12:54 | Galzinator · wall_segment Palisade Wall x1 |
| 12:55 | IKILLY · wall_segment Palisade Wall x7 |
| 13:03 | DerkerTheBerserker · wall_segment Palisade Wall x6 |
| 13:09 | thomas shelby · first_building Archery Range |
| 13:17 | Silly_Sausage · wall_segment Palisade Wall x1 |
| 13:55 | Galzinator · wall_segment Palisade Wall x8 |
| 13:58 | Silly_Sausage · wall_segment Palisade Wall x5 |
| 14:11 | Silly_Sausage · wall_segment Palisade Wall x20 |
| 14:29 | RobinDeLyon · first_building Stable |
| 15:54 | Haidouzo · wall_segment Palisade Wall x12 |
| 15:58 | rigma · wall_segment Palisade Wall x4 |
| 16:02 | rigma · wall_segment Palisade Wall x6 |
| 16:05 | IKILLY · wall_segment Palisade Wall x4 |
| 16:05 | DerkerTheBerserker · first_market_buy 100 wood |
| 16:08 | Silly_Sausage · age_up castle |
| 17:00 | DerkerTheBerserker · age_up castle |
| 17:18 | DerkerTheBerserker · first_market_sell 100 food |
| 17:41 | DerkerTheBerserker · first_building Castle |
| 18:17 | Haidouzo · wall_segment Palisade Wall x1 |
| 18:20 | Haidouzo · wall_segment Palisade Wall x3 |
| 18:21 | IKILLY · wall_segment Palisade Wall x1 |
| 18:30 | Haidouzo · first_building Stable |
| 18:50 | rigma · wall_segment Palisade Wall x11 |
| 18:58 | rigma · wall_segment Palisade Wall x10 |
| 20:15 | RobinDeLyon · age_up castle |
| 20:59 | IKILLY · first_building Archery Range |
| 21:35 | IKILLY · first_market_sell 100 wood |
| 21:39 | IKILLY · first_market_buy 100 stone |
| 21:42 | IKILLY · age_up castle |
| 21:50 | Haidouzo · wall_segment Palisade Wall x1 |
| 21:51 | Galzinator · age_up castle |
| 22:04 | Haidouzo · age_up castle |
| 22:04 | thomas shelby · age_up castle |
| 23:42 | IKILLY · wall_segment Stone Wall x19 |
| 23:43 | DerkerTheBerserker · first_building Stable |
| 24:39 | Galzinator · wall_segment Palisade Wall x13 |
| 24:52 | rigma · age_up castle |
| 25:32 | DerkerTheBerserker · first_building Archery Range |
| 25:43 | Silly_Sausage · first_market_buy 100 food |
| 26:12 | Silly_Sausage · first_market_sell 100 food |
| 26:57 | IKILLY · wall_segment Stone Wall x7 |
| 27:01 | IKILLY · wall_segment Stone Wall x5 |
| 27:02 | IKILLY · wall_segment Stone Wall x1 |
| 27:04 | IKILLY · wall_segment Stone Wall x10 |
| 27:06 | IKILLY · wall_segment Stone Wall x8 |
| 28:36 | Galzinator · wall_segment Palisade Wall x6 |
| 28:41 | thomas shelby · wall_segment Palisade Wall x1 |
| 28:58 | rigma · first_building Castle |
| 29:38 | Silly_Sausage · first_building Monastery |
| 29:53 | thomas shelby · first_building Siege Workshop |
| 29:59 | Silly_Sausage · first_building Siege Workshop |
| 30:17 | Silly_Sausage · first_building Castle |
| 31:40 | IKILLY · first_building Monastery |
| 31:47 | Haidouzo · first_building Monastery |
| 32:16 | Galzinator · first_building Monastery |
| 32:28 | Galzinator · first_building Castle |
| 32:36 | DerkerTheBerserker · first_building Siege Workshop |
| 32:44 | Galzinator · first_building Stable |
| 33:31 | IKILLY · wall_segment Stone Wall x1 |
| 33:35 | RobinDeLyon · first_building Castle |
| 34:04 | Haidouzo · first_building Castle |
| 35:06 | Silly_Sausage · age_up imperial |
| 36:21 | Galzinator · age_up imperial |
| 38:14 | thomas shelby · first_market_sell 100 food |
| 39:26 | Haidouzo · age_up imperial |
| 39:47 | thomas shelby · first_building Castle |
| 40:10 | thomas shelby · wall_segment Stone Wall x3 |
| 40:21 | thomas shelby · wall_segment Stone Wall x2 |
| 40:24 | thomas shelby · wall_segment Stone Wall x1 |
| 40:25 | thomas shelby · wall_segment Stone Wall x1 |
| 40:47 | IKILLY · first_building Castle |
| 41:27 | thomas shelby · age_up imperial |
| 41:58 | RobinDeLyon · first_market_sell 500 food |
| 43:07 | IKILLY · wall_segment Stone Wall x7 |
| 45:13 | RobinDeLyon · age_up imperial |
| 45:24 | DerkerTheBerserker · wall_segment Stone Wall x6 |
| 45:25 | DerkerTheBerserker · wall_segment Stone Wall x8 |
| 45:30 | DerkerTheBerserker · wall_segment Stone Wall x6 |
| 46:04 | rigma · first_building Siege Workshop |
| 46:31 | IKILLY · first_building Siege Workshop |
| 47:09 | rigma · age_up imperial |
| 48:20 | thomas shelby · first_market_buy 100 stone |
| 49:15 | Galzinator · first_market_sell 500 wood |
| 51:42 | RobinDeLyon · tribute_sent a jugador 1 |
| 51:42 | RobinDeLyon · tribute_sent a jugador 2 |
| 51:42 | RobinDeLyon · tribute_sent a jugador 3 |
| 51:42 | RobinDeLyon · tribute_sent a jugador 5 |
| 51:42 | RobinDeLyon · tribute_sent a jugador 6 |
| 51:42 | RobinDeLyon · tribute_sent a jugador 7 |
| 51:42 | RobinDeLyon · tribute_sent a jugador 8 |
| 54:57 | DerkerTheBerserker · age_up imperial |
| 55:43 | rigma · first_market_sell 500 wood |
| 57:14 | Galzinator · tribute_sent a jugador 1 |
| 57:14 | Galzinator · tribute_sent a jugador 2 |
| 57:14 | Galzinator · tribute_sent a jugador 3 |
| 57:14 | Galzinator · tribute_sent a jugador 4 |
| 57:14 | Galzinator · tribute_sent a jugador 5 |
| 57:14 | Galzinator · tribute_sent a jugador 6 |
| 57:14 | Galzinator · tribute_sent a jugador 7 |
| 57:40 | RobinDeLyon · first_building Archery Range |
| 59:22 | Galzinator · tribute_sent a jugador 1 |
| 59:22 | Galzinator · tribute_sent a jugador 2 |
| 59:22 | Galzinator · tribute_sent a jugador 3 |
| 59:22 | Galzinator · tribute_sent a jugador 4 |
| 59:22 | Galzinator · tribute_sent a jugador 5 |
| 59:22 | Galzinator · tribute_sent a jugador 6 |
| 59:22 | Galzinator · tribute_sent a jugador 7 |
| 59:28 | RobinDeLyon · tribute_sent a jugador 1 |
| 59:28 | RobinDeLyon · tribute_sent a jugador 2 |
| 59:28 | RobinDeLyon · tribute_sent a jugador 3 |
| 59:28 | RobinDeLyon · tribute_sent a jugador 5 |
| 59:28 | RobinDeLyon · tribute_sent a jugador 6 |
| 59:28 | RobinDeLyon · tribute_sent a jugador 7 |
| 59:28 | RobinDeLyon · tribute_sent a jugador 8 |
| 59:39 | Galzinator · tribute_sent a jugador 1 |
| 59:39 | Galzinator · tribute_sent a jugador 2 |
| 59:39 | Galzinator · tribute_sent a jugador 3 |
| 59:39 | Galzinator · tribute_sent a jugador 4 |
| 59:39 | Galzinator · tribute_sent a jugador 5 |
| 59:39 | Galzinator · tribute_sent a jugador 6 |
| 59:39 | Galzinator · tribute_sent a jugador 7 |
| 61:41 | IKILLY · age_up imperial |
| 64:01 | RobinDeLyon · first_market_buy 500 food |
| 75:39 | thomas shelby · first_building Stable |
| 79:17 | thomas shelby · resign |
[ AI ANALYSIS · 1 CREDIT ]
What really happened in this match?
Wolo.gg analyzes every decision: build order, eco, micro, common mistakes by bracket. Personalized analysis on WhatsApp or Discord in 30 seconds.
Civ guide
Armenians
Map guide
Arabia
Perfil
NoIdeaWhatImDoing